 Dungeon Crawl Stone Soup version 0.31-a0-236-g9a0961fb85 (webtiles) character file.

Game seed: 5557039009444231221

21 qw the Shooter (level 2, -4/17 HPs)
             Began as a Gargoyle Hexslinger on July 10, 2023.
             Killed from afar by Natasha (5 damage)
             ... with a magic dart
             ... on level 1 of the Dungeon.
             The game lasted 00:00:15 (969 turns).

qw the Shooter (Gargoyle Hexslinger)                 Turns: 969, Time: 00:00:16

Health: -4/17      AC:  8    Str: 11    XL:     2   Next: 87%
Magic:  3/3        EV: 10    Int: 13    God:
Gold:   16         SH:  0    Dex: 12    Spells: 2/3 levels left

rFire   . . .        Y - +1 sling
rCold   . . .        (no shield)
rNeg    + . .        g - +0 ring mail
rPois   inf          (no helmet)
rElec   +            (no cloak)
rCorr   .            (no gloves)
SInv    .            d - +0 pair of boots
Will    .....        (no amulet)
Stlth   +            (no ring)
HPRegen 0.22/turn    (no ring)
MPRegen 0.08/turn

%: no passive effects
@: about to teleport
A: sickness immunity, AC +2, negative energy resistance 1, electricity
resistance, torment resistance 1, petrification resistance
a: no special abilities


You were on level 1 of the Dungeon.
You visited 1 branch of the dungeon, and saw 2 of its levels.

You collected 16 gold pieces.


Innate Abilities, Weirdness & Mutations

You are immune to sickness and miasma.
Your stone body is resilient. (AC +2)
You are immune to poison.
You resist negative energy. (rN+)
You are resistant to electric shocks. (rElec)
You are resistant to unholy torment.
You are immune to petrification.


   Skills:
 + Level 1.7 Fighting
 - Level 3.0 Ranged Weapons
 - Level 1.5 Dodging
 - Level 1.0 Spellcasting
 - Level 2.6 Hexes


You had 2 spell levels left.
You knew the following spells:

 Your Spells              Type           Power      Damage    Failure   Level
a - Slow                  Hex            28%        N/A       22%         1

Your spell library contained the following spells:

 Spells                   Type           Power      Damage    Failure   Level
 Inner Flame              Hex/Fire       4%         N/A       75%         3
 Portal Projectile        Hex/Tloc       8%         N/A       75%         3
 Cause Fear               Hex            3%         N/A       92%         4

Inventory:

Hand Weapons
 Y - a +1 sling (weapon)
Armour
 d - a +0 pair of boots (worn)
 g - a +0 ring mail (worn)
Potions
 f - a potion of might {unknown}
 h - a potion of enlightenment
 j - a potion of curing {unknown}

Dungeon Overview and Level Annotations

Branches:
Dungeon (2/15)

Altars:

Annotations:
D:1 Natasha


Message History

Enter note:
Enter note:
Enter note:
Enter note: You shoot a sling bullet.
The sling bullet barely misses the adder.
The adder misses you. Natasha claws you but does no damage.
You shoot a sling bullet. The sling bullet hits the adder.
The adder is moderately wounded.
The adder bites you but does no damage. Natasha completely misses you.
The adder barely misses you.
Natasha mumbles some strange words.
You shoot a sling bullet. The sling bullet misses the adder.
The adder closely misses you.
Natasha hisses.
Natasha claws you.
The cerulean imp hits you but does no damage.
The adder closely misses you.
You shoot a sling bullet. The sling bullet misses the adder.
The adder bites you but does no damage. Natasha claws you but does no damage.
The cerulean imp hits you with a +1 spear.
The adder closely misses you.
You shoot a sling bullet. The sling bullet hits the adder.
The adder is severely wounded.
Natasha claws you.
The cerulean imp hits you but does no damage.
The adder closely misses you. Natasha claws you but does no damage.
The cerulean imp hits you with a +1 spear.
968 ||| READING scroll of teleportation.
As you read the scroll of teleportation, it crumbles to dust.
You feel strangely unstable. The adder barely misses you.
Natasha claws you but does no damage.
The cerulean imp hits you but does no damage.
The adder bites you but does no damage.
You shoot a sling bullet.
The sling bullet barely misses the adder.
The adder bites you. Natasha casts a spell at you. The magic dart hits you.
You die...

#.####.# #.# #......# #.#
######## #.# #.# #.# #.# ## #.#
.# ########5## .# #......@..####
.# #.####.hS....###### .#
#######.#####...........# .#
#........>..........###.# ##
#.#####.######......###.#####
#.# #.# #.#...#........#
########.######.#####.##.###.#
###.._..###........## #.##.# #.#
#.........#####.....###..#.###.#


You could see Natasha, a cerulean imp (summoned) and an adder.

Vanquished Creatures
  A dart slug (D:1)
  2 endoplasms (D:1)
  2 giant cockroaches (D:1)
  2 hobgoblins (D:1)
  2 ball pythons (D:1)
  2 bats (D:1)
  A frilled lizard (D:1)
  4 goblins (D:1)
  2 kobolds (D:1)
  A rat (D:1)
19 creatures vanquished.

Notes
Turn   | Place    | Note
-------+----------+-------------------------------------------
     0 | D:1      | qw the Gargoyle Hexslinger began the quest for the Orb.
     0 | D:1      | Reached XP level 1. HP: 12/12 MP: 2/2
     0 | D:1      | 0 ||| qw: Version: 0.3-a-52-g30416fa
     0 | D:1      | 0 ||| qw: Game counter: 4622
     0 | D:1      | 0 ||| qw: Melee chars always use a shield: true
     0 | D:1      | 0 ||| qw: God list: Okawaru
     0 | D:1      | 0 ||| qw: Allow faded altars: false
     0 | D:1      | 0 ||| qw: Do Orc after clearing Dungeon:15 true
     0 | D:1      | 0 ||| qw: Do second Lair branch before Depths: true
     0 | D:1      | 0 ||| qw: Lair rune preference: random
     0 | D:1      | 0 ||| qw: Goals: Normal
     0 | D:1      | 0 ||| PLANNING D:1-11
   196 | D:1      | Reached XP level 2. HP: 16/16 MP: 3/3
   265 | D:1      | Found a faded altar of an unknown god.
   462 | D:1      | Reached skill level 3 in Ranged Weapons
   903 | D:1      | 903 ||| UPGRADING to +0 pair of boots.
   908 | D:1      | 908 ||| UPGRADING to +0 ring mail.
   918 | D:1      | 918 ||| DROPPING +0 robe.
   919 | D:1      | 919 ||| READING 2 scrolls labelled KAYTAA XIRAL.
   923 | D:1      | 923 ||| READING scroll labelled FIWNIEKAFI.
   924 | D:1      | 924 ||| DRINKING 2 glowing ruby potions.
   925 | D:1      | 925 ||| DROPPING scroll of poison.
   958 | D:2      | Noticed Natasha
   961 | D:2      | 961 ||| STAIRDANCE
   967 | D:1      | HP: 4/17 [cerulean imp/+1 spear[Natasha] (1)]
   968 | D:1      | 968 ||| READING scroll of teleportation.
   969 | D:1      | HP: 1/17 [adder (3)]
   969 | D:1      | Killed from afar by Natasha

Levels and vault maps discovered:
D:1:      mrwooster_arrival_statue_2, layout_loops_corners,
          hellmonk_ecumenical_altar_zigzags
D:2:      minmay_inner_zag, layout_rooms, uniq_terence, uniq_natasha

Skill      XL: |  1  2 |
---------------+-------+-----
Ranged Weapons | 3 |  3.0
Fighting       | |  1.7
Dodging        | |  1.5
Spellcasting   | |  1.0
Hexes          | |  2.6

Action                     || total
---------------------------++-------
   Fire: Sling             ||    52
    Use: Scroll            ||     3
         Potion            ||     1
 Armour: Robe              ||     2
         Ring mail         ||    11
  Dodge: Dodged            ||    16

Table legend:
 A = Non-vault XP
 B = Vault XP
 C = Vault XP percentage of total XP
 D = Non-vault monster count
 E = Vault monster count
 F = Vault count percentage of total count
                 A         B        C        D         E       F
            +---------+---------+-------+---------+---------+-------
      Total |      31 |       0 |   0.0 |      19 |       0 |   0.0
            +---------+---------+-------+---------+---------+-------
        D:1 |      31 |       0 |   0.0 |      19 |       0 |   0.0
            +---------+---------+-------+---------+---------+-------
